 Dungeon Crawl Stone Soup version 0.20-a0-681-gf83e07f (webtiles) character file.

55 polly the Slasher (level 3, 0/28 HPs)
             Began as a Demonspawn Gladiator on Feb 18, 2017.
             Slain by a gnoll
             ... wielding a +0 spear
              (6 damage)
             ... on level 2 of the Dungeon.
             The game lasted 00:01:46 (1417 turns).

polly the Slasher (Demonspawn Gladiator)            Turns: 1417, Time: 00:01:47

Health: 0/28       AC:  4    Str: 15    XL:     3   Next: 67%
Magic:  3/3        EV: 15    Int:  9    God:
Gold:   54         SH:  7    Dex: 19    Spells: 2/2 levels left

rFire    . . .     SeeInvis .   a - +0 long sword
rCold    . . .     Gourm    .   b - +0 leather armour
rNeg     . . .     Faith    .   e - +0 shield
rPois    .         Spirit   .   c - +0 helmet
rElec    .         Reflect  .   (no cloak)
rCorr    .         Harm     .   (no gloves)
MR       .....                  (no boots)
Stlth    +++.......             (no amulet)
Regen    0.5/turn               (no ring)
MPRegen  0.1/turn               (no ring)

@: agile
A: powered by pain 1, regeneration 1, subdued magic 1
a: no special abilities


You were on level 2 of the Dungeon.
You were hungry.

You visited 1 branch of the dungeon, and saw 2 of its levels.

You collected 54 gold pieces.

Inventory:

Hand Weapons
 a - a +0 long sword (weapon)
Missiles
 d - 3 throwing nets (quivered)
Armour
 b - a +0 leather armour (worn)
 c - a +0 helmet (worn)
 e - a +0 shield (worn)
Scrolls
 h - a scroll of identify {unknown}
 j - 2 scrolls of amnesia {unknown}
 k - a scroll of fear {unknown}
 l - a scroll of blinking {unknown}
 n - a scroll of teleportation {unknown}
 q - a scroll of immolation {unknown}
Potions
 g - a potion of mutation
 i - a potion of brilliance {unknown}
 m - a potion of curing {unknown}
Comestibles
 f - 2 bread rations
 o - a royal jelly


   Skills:
 + Level 2.3 Fighting
 + Level 3.3 Long Blades
 - Level 2.0 Throwing
 + Level 0.8 Armour
 + Level 3.1 Dodging
 + Level 0.2 Stealth
 + Level 0.1 Shields


You had 2 spell levels left.
You didn't know any spells.

Dungeon Overview and Level Annotations

Branches:
Dungeon (2/15)

Altars:


Innate Abilities, Weirdness & Mutations

You sometimes gain a little power by taking damage.
Your natural rate of healing is unusually fast.
Your spells are a little easier to cast, but a little less powerful.


Message History

You hit the gnoll.
The gnoll is severely wounded.
You block the gnoll's attack. x2
Your shield prevents you from hitting the gnoll.
The gnoll is severely wounded.
The gnoll misses you.
You closely miss the gnoll.
The gnoll is severely wounded.
The gnoll barely misses you.
You hit the gnoll.
The gnoll is almost dead.
The gnoll hits you but does no damage. You block the gnoll's attack.
The gnoll barely misses you.
You hit the gnoll.
The gnoll is almost dead.
The gnoll hits you.
* * * LOW HITPOINT WARNING * * *
The gnoll closely misses you.
The gnoll hits you from afar with a spear.
You die...

###. ?... ...
#.... ##.#.< ...
#.... ......
#... #..>.
.#.... #...
#...##.....#
...#
#...<......#
#..#
#...(.......
#..####.(.......
#..@g)gg[.......
##..###..>.....#
##g.........<..
##...#........
..............
#.#.....g.....%
# #............
#............
#... .......


You could see 3 gnolls and a hobgoblin.

Vanquished Creatures
  A gnoll (D:2)
  A dart slug (D:1)
  4 leopard geckos (D:1)
  5 giant cockroaches
  5 goblins (D:1)
  2 hobgoblins
  7 kobolds
  5 bats (D:1)
  3 frilled lizards (D:1)
  3 rats (D:1)
36 creatures vanquished.

Notes
Turn   | Place    | Note
-------+----------+-------------------------------------------
     0 | D:1      | polly the Demonspawn Gladiator began the quest for the Orb.
     0 | D:1      | Reached XP level 1. HP: 16/16 MP: 1/1
   302 | D:1      | Gained mutation: You sometimes gain a little power by taking damage. [demonic ancestry]
   302 | D:1      | Reached XP level 2. HP: 12/22 MP: 2/2
   811 | D:1      | Reached XP level 3. HP: 27/27 MP: 3/3
  1278 | D:1      | You fall through a shaft!
  1399 | D:2      | Gained mutation: Your spells are a little easier to cast, but a little less powerful. [potion of mutation]
  1399 | D:2      | Gained mutation: Your natural rate of healing is unusually fast. [potion of mutation]
  1417 | D:2      | Slain by a gnoll

Vault maps used:
D:1:      erik_arrival_cave_to_civilisation, serial_corexii_hall,
          corexii_hall_statues_i, corexii_hall_statues_l,
          corexii_hall_statues_x, corexii_hall_statues_u,
          corexii_hall_statues_l, corexii_hall_statues_u
D:2:      okawaru_altar_gauntlet_db, vehumet_crystals,
          hangedman_decor_clover_reticule

Skill      XL: |  1  2 |
---------------+-------+-----
Throwing       | 2 |  2.0
Long Blades    | 3 |  3.3
Dodging        | 3 |  3.1
Fighting       | |  2.3
Armour         | |  0.8
Stealth        | |  0.2
Shields        | |  0.1

Action                   || total
-------------------------++-------
Melee: Long sword        ||   109
  Use: Potion            ||     1
 Stab: Sleeping          ||     1
  Eat: Chunk             ||     1
Armor: Leather armour    ||    46
Dodge: Dodged            ||    77
Block: Shield            ||    45
       Rpst.: Long sword ||    21
